 Dungeon Crawl Stone Soup version 0.32-a0-666-ge8a88695a4 (webtiles) character file.

Game seed: 3783938331506866126

2730 Fodor the Cleaver (level 9, 0/117 HPs)
             Began as a Minotaur Fighter on Mar 9, 2024.
             Was an Initiate of Gozag.
             Slain by a raiju (5 damage)
             ... on level 6 of the Dungeon.
             The game lasted 00:14:18 (5631 turns).

Fodor the Cleaver (Minotaur Fighter)                Turns: 5631, Time: 00:14:20

Health: 0/117      AC: 24    Str: 25    XL:     9   Next: 40%
Magic:  8/8        EV:  2    Int:  5    God:    Gozag
Gold:   258        SH:  5    Dex: 10    Spells: 8/8 levels left

rFire   + . .        a - +0 war axe
rCold   + . .        c - +0 buckler
rNeg    . . .        x - melded +3 chain mail
rPois   +            (helmet currently unavailable)
rElec   +            (cloak currently unavailable)
rCorr   +            B - melded +0 pair of gloves
SInv    .            w - melded +0 pair of boots
Will    .....        (no amulet)
Stlth   +            l - ring of poison resistance
HPRegen 0.39/turn    (no ring)
MPRegen 0.11/turn

%: no passive effects
@: tree-form, resistant, gold aura, attractive
A: stationary, stasis, torment immunity, boosted hp, (horns 2), (retaliatory
headbutt)
a: Renounce Religion, Potion Petition, Call Merchant, Bribe Branch


You were on level 6 of the Dungeon.
You worshipped Gozag.
Gozag was aware of your devotion.
You were a tree.
You visited 1 branch of the dungeon, and saw 6 of its levels.
You visited the Abyss 1 time.
You also visited: Sewer.

You collected 549 gold pieces.
You spent 268 gold pieces at shops.
You paid 23 gold pieces to Gozag.

Inventory:

Hand Weapons
 a - a +0 war axe (weapon)
 y - a +0 orcbow
Missiles
 u - 9 boomerangs (quivered)
Armour
 c - a +0 buckler (worn)
 w - a +0 pair of boots (melded)
 x - a +3 chain mail (melded)
 B - a +0 pair of gloves (melded)
Jewellery
 l - a ring of poison resistance (left branch)
Talismans
 g - a flux talisman
Scrolls
 e - 2 scrolls of brand weapon
 f - a scroll of fear
 i - 8 scrolls of identify {unknown}
 j - a scroll of silence {unknown}
 o - 4 scrolls of blinking {unknown}
 p - a scroll of noise {unknown}
 q - 2 scrolls of immolation {unknown}
 r - a scroll of revelation {unknown}
 v - 3 scrolls of teleportation {unknown}
 C - a scroll of vulnerability {unknown}
Potions
 b - a potion of cancellation
 k - a potion of haste {unknown}
 s - a potion of lignification
 t - 4 potions of curing {unknown}
 z - 4 potions of brilliance {unknown}
 A - a potion of enlightenment {unknown}


   Skills:
 + Level 6.6 Fighting
 + Level 9.8 Axes
 + Level 4.8 Throwing
 + Level 8.5 Armour
 + Level 1.2 Dodging
 + Level 0.7 Stealth
 + Level 5.5 Shields


You had 8 spell levels left.
You didn't know any spells.
Your spell library contained the following spells:

 Spells                   Type           Power      Damage    Failure   Level
 Ozocubu's Armour         Ice            0%         N/A       88%         3
 Metabolic Englaciation   Hex/Ice        0%         N/A       100%        5
 Sculpt Simulacrum        Ice/Alch       0%         N/A       100%        6


Dungeon Overview and Level Annotations

Branches:
Dungeon (6/15)              Sewer (visited)
 Temple: D:4-7

Altars:
Elyvilon
Gozag
Kikubaaqudgha
Uskayaw
Wu Jian
Xom

Shops:
D:6 ?


Innate Abilities, Weirdness & Mutations

You are a tree.
Your roots penetrate the ground, keeping you stationary.
You cannot be teleported.
You are immune to unholy pain and torment.
Your maximum health is greatly increased.
Your equipment is partially melded.
((You have a pair of horns on your head.))
((You reflexively headbutt those who attack you in melee.))


Message History

You completely miss the raiju.
The raiju bursts into living lightning!
The living lightning hits you!
The raiju blinks!
The raiju bites you. The raiju shocks you!
* * * LOW HITPOINT WARNING * * *
You closely miss the raiju. You headbutt the raiju.
You kill the raiju!
The raiju closely misses you. You furiously retaliate!
You headbutt the raiju!
The raiju bursts into living lightning!
The living lightning hits you!
* * * LOW HITPOINT WARNING * * *
The raiju blinks!
You hear a bark!
There is a gateway leading out of the Abyss, spattered with blood here.
You see here 26 gold pieces.
The raiju bites you but does no damage.
You pass through the gate.
Welcome back to the Dungeon!
You block the wight's attack.
It was a potion of cancellation.
Your magical effects are unravelling.
You feel magically purged.
You feel a little less mighty now. You block the wight's attack.
The raiju barely misses you. You furiously retaliate!
You headbutt the raiju.
It was a potion of lignification.
You turn into a tree.
Your +0 pair of gloves melds into your body.
Your +0 pair of boots melds into your body.
Your +3 chain mail melds into your body.
Your roots penetrate the ground.
You block the wight's attack. The raiju bites you but does no damage.
It was a potion of attraction.
You feel attractive to monsters. You block the wight's attack.
The raiju bites you but does no damage.
It was a potion of resistance.
You feel protected.
The wight hits you with a +0 long sword of distortion.
* * * LOW HITPOINT WARNING * * *
The raiju bites you.
You die...
Your body crumbles into a pile of gold.

#.#####.#
#.#.....#
#......##
###.##.#
#.##.#
######.##.#
#.........#
#.####z####
#♣# #h##
#.#.##
#.###.# ##
#.## ...
#z#. #.#. #
#.


You could see a raiju and a wight.

Vanquished Creatures
  A two-headed ogre (D:6)
  A thrashing horror (Abyss:1)
  A raiju (Abyss:1)
  A chaos spawn (Abyss:1)
  A black bear (D:5)
  A sky beast (D:5)
  An ogre (D:5)
  2 small abominations (Abyss:1)
  A centaur (D:5)
  A phantom (D:5)
  A bullfrog (D:6)
  A scorpion (D:4)
  2 wights (D:6)
  4 hounds
  2 orc priests
  3 orc wizards
  A sleepcap (D:5)
  A hell rat (Sewer)
  5 river rats
  5 adders
  2 ufetubi (D:5)
  3 dart slugs
  5 ribbon worms
  12 orcs
  10 ball pythons
  12 endoplasms
  4 giant cockroaches
  8 goblins
  12 hobgoblins
  4 jackals (D:3)
  5 quokkas
  7 bats
  A frilled lizard (D:2)
  5 kobolds
  6 rats
132 creatures vanquished.

Notes
Turn   | Place    | Note
-------+----------+-------------------------------------------
     0 | D:1      | Fodor the Minotaur Fighter began the quest for the Orb.
     0 | D:1      | Reached XP level 1. HP: 19/19 MP: 0/0
   159 | D:1      | Reached XP level 2. HP: 23/27 MP: 1/1
   821 | D:2      | Reached XP level 3. HP: 33/33 MP: 2/2
   938 | D:2      | Reached skill level 3 in Axes
  1139 | D:2      | Reached XP level 4. HP: 39/40 MP: 3/3
  2098 | D:3      | Reached skill level 4 in Axes
  2139 | D:3      | Reached XP level 5. HP: 46/46 MP: 4/4
  2263 | D:3      | Found a white marble altar of Elyvilon.
  2263 | D:3      | Found an ancient bone altar of Kikubaaqudgha.
  2270 | D:3      | Found a shimmering altar of Xom.
  2272 | D:3      | Found an opulent altar of Gozag.
  2274 | D:3      | Found an ornate altar of the Wu Jian Council.
  2290 | D:3      | Became a worshipper of Gozag Ym Sagoz the Greedy
  2660 | D:4      | Reached skill level 1 in Throwing
  2660 | D:4      | Reached skill level 5 in Armour
  3218 | D:5      | Entered Level 5 of the Dungeon
  3422 | D:5      | Reached XP level 6. HP: 52/52 MP: 5/5
  3460 | D:5      | Reached skill level 5 in Axes
  3499 | D:5      | Found a hide-covered altar of Uskayaw.
  3582 | D:5      | Reached XP level 7. HP: 34/60 MP: 6/6
  3869 | D:5      | Reached skill level 6 in Axes
  4374 | D:6      | Found Tadukuedu's Magic Scroll Boutique.
  4391 | D:6      | Bought a scroll of enchant armour for 82 gold pieces
  4391 | D:6      | Bought a scroll of enchant armour for 82 gold pieces
  4391 | D:6      | Bought a scroll of brand weapon for 104 gold pieces
  4508 | D:6      | Found a glowing drain.
  4531 | Sewer    | Entered a sewer
  4697 | D:6      | Reached skill level 7 in Axes
  4697 | D:6      | Reached XP level 8. HP: 30/67 MP: 7/7
  4910 | D:6      | Reached skill level 5 in Shields
  4959 | D:6      | Noticed a two-headed ogre
  4980 | D:6      | Killed a two-headed ogre
  4981 | D:6      | Reached skill level 5 in Fighting
  4981 | D:6      | Reached skill level 8 in Axes
  5214 | D:6      | Reached skill level 9 in Axes
  5214 | Abyss:1  | Cast into level 1 of the Abyss (wight)
  5369 | Abyss:1  | Noticed an apocalypse crab
  5529 | Abyss:1  | Reached XP level 9. HP: 53/75 MP: 8/8
  5599 | Abyss:1  | Noticed a thrashing horror
  5610 | Abyss:1  | Killed a thrashing horror
  5611 | Abyss:1  | Reached skill level 1 in Dodging
  5627 | D:6      | Escaped the Abyss
  5631 | D:6      | HP: 5/117 [wight/+0 long sword of distortion (5)]
  5631 | D:6      | Slain by a raiju

Illustrated notes

Levels and vault maps discovered:
D:1:      spicycebolla_arrival_ecumenical, layout_basic,
          hangedman_decor_growths, st_stairs_6, chequers_jeans,
          amethyst_killhole
D:2:      cheibrodos_helix_gallery, layout_basic
D:3:      layout_loops_cross, chequers_temple_overflow_minitemple,
          grunt_ministairs_4
D:4:      layout_loops_ring
D:5:      layout_loops_ring, nicolae_uskayaw_dance_hall, lemuel_flamethrower_2
D:6:      layout_loops_ring, hellmonk_okawaru_the_only_friend_you_need,
          minmay_temple_entry_enclosed_plants, serial_shops, shop,
          cheibrodos_sewer_entry_sluice, grunt_ministairs_14,
          due_unseen_surprise

Skill      XL: |  1  2  3  4  5  6  7  8  9 |
---------------+----------------------------+-----
Shields        | 4 5 |  5.5
Armour         | 4 5 6 7 8 |  8.5
Fighting       | 4 6 |  6.6
Axes           | 3 4 5 7 9 |  9.8
Throwing       | 2 3 4 |  4.8
Dodging        | 1 |  1.2
Stealth        | |  0.7

Action                     |  1- 3 |  4- 6 |  7- 9 || total
---------------------------+-------+-------+-------++-------
  Melee: War axe           |    77 |   115 |   129 ||   321
         Headbutt          |    10 |    13 |    24 ||    47
  Throw: Boomerang         |       |    57 |    22 ||    79
    Use: Scroll            |       |       |     4 ||     4
         Potion            |       |       |    10 ||    10
 Armour: Scale mail        |    38 |       |       ||    38
         Plate armour      |    47 |   143 |    41 ||   231
         Chain mail        |       |       |    76 ||    76
         Skin              |       |       |     4 ||     4
  Dodge: Dodged            |    44 |    61 |    48 ||   153
  Block: Buckler           |    28 |    39 |    25 ||    92

Table legend: (Time is in decaauts)
 A = Elapsed time spent in this place.
 B = Non-inter-level travel time spent in this place.
 C = Inter-level travel time spent in this place.
 D = Time resting spent in this place.
 E = Time spent auto-exploring this place.
 F = Levels seen in this place.
 G = Mean time per level.
                   A        B        C        D        E       F      G
               +--------+--------+--------+--------+--------+-----+--------+
         Total |   5758 |   5716 |     42 |    478 |   3716 |   8 |  719.8 |
       Dungeon |   5237 |   5195 |     42 |    478 |   3380 |   6 |  872.8 |
         Abyss |    417 |    417 |      0 |      0 |    327 |   1 |  417.0 |
         Sewer |    104 |    104 |      0 |      0 |      8 |   1 |  104.0 |
               +--------+--------+--------+--------+--------+-----+--------+

Top non-repeatable levels by time:
     D:5: 1177 daAuts
     D:2: 956 daAuts
     D:3: 839 daAuts
     D:6: 769 daAuts
     D:4: 763 daAuts
     D:1: 731 daAuts
 Abyss:1: 417 daAuts
   Sewer: 104 daAuts
